 Dungeon Crawl Stone Soup version 0.24.0-13-gcf9b3192b9 (webtiles) character file.

Game seed: 14444055585244512087, levelgen mode: deterministic

24357 mopl the Covert (level 12, -5/61 HPs)
             Began as a Deep Elf Assassin on Nov 5, 2019.
             Was a Priest of Nemelex Xobeh.
             Slain by a spiny frog (24 damage)
             ... on level 2 of the Lair of Beasts.
             The game lasted 00:51:48 (17477 turns).

mopl the Covert (Deep Elf Assassin)                Turns: 17477, Time: 00:51:48

Health: -5/61      AC: 13    Str:  8    XL:     12   Next: 80%
Magic:  13/30      EV: 12    Int: 18    God:    Nemelex Xobeh [***...]
Gold:   694        SH:  0    Dex: 13    Spells: 4/21 levels left

rFire    + + .     SeeInvis .   a - +4 short sword
rCold    . . .     Gourm    .   (no shield)
rNeg     + + +     Faith    .   R - +2 robe {Archmagi}
rPois    .         Spirit   .   q - +2 helmet
rElec    +         Reflect  .   v - +1 cloak of the Realm of Zot {rElec rF++ Dex-3}
rCorr    .         Harm     .   L - +1 pair of gloves
MR       ++...                  E - +0 pair of boots of Geacu {+Inv rN+++ MP+9 Dex-4}
Stlth    +++++.....             (no amulet)
HPRegen  0.20/turn              G - ring of protection from magic
MPRegen  0.22/turn              M - +1 ring of protection

@: lethally poisoned (-5 -> -31)
A: no striking features
a: Draw Escape, Draw Destruction, Draw Summoning, Triple Draw, Renounce
Religion, Evoke Invisibility


You were on level 2 of the Lair of Beasts.
You worshipped Nemelex Xobeh.
Nemelex Xobeh was most pleased with you.
You were hungry.

You visited 2 branches of the dungeon, and saw 12 of its levels.
You also visited: Sewer and Ossuary.

You collected 733 gold pieces.
You spent 39 gold pieces at shops.

Inventory:

Hand Weapons
 a - a +4 short sword (weapon)
 b - a +2 dagger
 f - a +1 dagger of holy wrath
Missiles
 d - 33 poisoned darts (quivered)
 e - 22 curare-tipped darts
 h - 12 boomerangs
 J - 2 throwing nets
 T - 4 javelins
Armour
 q - a +2 helmet (worn)
 v - the +1 cloak of the Realm of Zot (worn) {rElec rF++ Dex-3}
   (You found it on level 4 of the Dungeon)

   It affects your dexterity (-3).
   It greatly protects you from fire.
   It insulates you from electricity.
 E - the +0 pair of boots of Geacu (worn) {+Inv rN+++ MP+9 Dex-4}
   (You found it on level 7 of the Dungeon)

   It affects your dexterity (-4).
   It renders you almost immune to negative energy.
   It affects your magic capacity (+9).
   It lets you turn invisible.
 L - a +1 pair of gloves (worn)
 R - a +2 robe of the Archmagi (worn)
Jewellery
 i - an uncursed ring of flight
 G - a ring of protection from magic (left hand)
 M - a +1 ring of protection (right hand)
Wands
 m - a wand of iceblast (8)
 n - a wand of scattershot (6)
 D - a wand of paralysis (10)
 K - a wand of acid (9)
 P - a wand of digging (3)
 U - a wand of disintegration (17)
Scrolls
 l - a scroll of magic mapping {unknown}
 r - 3 scrolls of remove curse
 t - 4 scrolls of blinking
 y - 2 scrolls of silence {unknown}
 B - 2 scrolls of fog {unknown}
 C - 3 scrolls of teleportation {unknown}
 H - 2 scrolls of amnesia {unknown}
 I - a scroll of fear {unknown}
 N - a scroll of enchant armour {unknown}
 S - a scroll of brand weapon {unknown}
Potions
 g - 7 potions of curing {unknown}
 k - 2 potions of flight
 o - 4 potions of might
 p - a potion of mutation
 s - 5 potions of brilliance
 u - 6 potions of lignification
 w - 4 potions of heal wounds
 x - 4 potions of agility
 z - a potion of magic
 A - 2 potions of haste
 F - a potion of resistance
Comestibles
 c - 20 rations
 j - 6 chunks of flesh


   Skills:
 - Level 1.5 Fighting
 * Level 10.6 Short Blades
 + Level 7.7 Throwing
 - Level 1.2 Dodging
 + Level 10.8 Stealth
 - Level 5.0 Spellcasting
 - Level 10.0 Hexes
 - Level 3.1 Charms
 - Level 3.0 Necromancy
 - Level 3.0 Translocations
 + Level 6.3 Transmutations
 + Level 6.3 Earth Magic
 + Level 6.0 Invocations
 * Level 8.6 Evocations


You had 4 spell levels left.
You knew the following spells:

 Your Spells              Type           Power        Failure   Level  Hunger
a - Petrify               Tmut/Erth      #####...     10%         4    ####...
c - Confuse               Hex            ######..     1%          3    ##.....
e - Blink                 Tloc           N/A          6%          2    #......
r - Regeneration          Chrm/Necr      ###.......   12%         3    ##.....
y - Yara's Violent Unrav  Hex/Tmut       ######....   13%         5    ######.

Your spell library contained the following spells:

 Spells                   Type           Power        Failure   Level  Hunger
 Confusing Touch          Hex            ######       1%          1    None
 Slow                     Hex            ######..     1%          2    #......
 Animate Skeleton         Necr           N/A          3%          1    None
 Pain                     Necr           ###.         3%          1    None
 Gell's Gravitas          Tloc           ###.......   12%         3    ##.....
 Vampiric Draining        Necr           ###.......   12%         3    ##.....
 Magic Dart               Conj           #...         13%         1    None
 Call Imp                 Summ           #.......     21%         2    #......
 Conjure Flame            Conj/Fire      #.......     36%         3    ##.....
 Mephitic Cloud           Conj/Pois/Air  #.......     36%         3    ##.....
 Animate Dead             Necr           N/A          36%         4    ####...
 Metabolic Englaciation   Hex/Ice        ####......   43%         5    ######.


Dungeon Overview and Level Annotations

Branches:
Dungeon (10/15)            Temple (0/1) D:7            Lair (2/6) D:9
    Orc (0/2) D:9           Sewer (visited)         Ossuary (visited)
  Swamp: Lair:2-4    Shoals: Lair:2-4     Snake: Lair:2-4    Spider: Lair:2-4

Altars:
Gozag
Hepliaklqana
Nemelex Xobeh
Okawaru
Ru
Trog
Vehumet
Yredelemnul

Shops:
D:9 ([%


Message History

You hit the spiny frog but do no damage.
The spiny frog is almost dead.
You feel sick.
You hit the spiny frog but do no damage.
The spiny frog is almost dead.
You feel sick. The spiny frog stings you.
You hit the spiny frog but do no damage.
The spiny frog is almost dead.
The spiny frog stings you!
You are lethally poisoned!
The spiny frog poisons you!
You are too injured to fight recklessly!
You hit the spiny frog but do no damage.
The spiny frog is almost dead.
You feel sick.
You hit the spiny frog.
The spiny frog is almost dead.
You feel sick. The spiny frog stings you!!
You die...
Your body glows slightly and disappears.

YY#..Y#Y.(......### ###..♣♣
..+...#.......#...###P#.#.♣♣♣♣♣#.
.......#..(..##..................
....(.###...## ..................
(#.##..#.....####.#.....#........
.#.⌠.##...###....⌠..#...#........
......#.......#..†......#..##..#.
#⌠.>..+...⌠..(...<.⌠#............
.... #.......#.@..÷#............
.⌠. #.###.#..#F⌠.########P.....
##....(###.#### ##.....
###...#......### #......
#.....##.....##.####......
#.#.....#...#.###.P##...... .
#.....#.....P.............. .....
#.#.⌠.#.#...........J...... # ..
#.....#.##..#....#######...


You could see a spiny frog (confused).

Vanquished Creatures
  Erolcha (D:9)
  A two-headed ogre (D:10)
  3 death yaks (Lair:2)
  Urug (D:10)
  5 elephants
  Psyche (D:9)
  A gargoyle (D:10)
  5 spiny frogs
  A black mamba (Lair:1)
  6 komodo dragons (Lair:2)
  A polar bear (Lair:2)
  Prince Ribbit (D:9)
  13 blink frogs
  A hornet (D:9)
  4 hippogriffs
  A slime creature (Lair:2)
  Sigmund (D:6)
  A wyvern (D:9)
  A human (D:7)
  Eustachio (D:6)
  A basilisk (Lair:1)
  3 hogs
  14 yaks
  Menkaure (D:6)
  9 water moccasins
  4 porcupines
  5 orc warriors
  3 ice beasts
  2 sky beasts
  A necrophage (D:9)
  3 phantoms
  7 ogres
  7 centaurs
  2 crocodiles (Lair:2)
  2 big kobolds
  An elf zombie (D:9)
  11 bullfrogs
  A wyvern zombie (D:10)
  4 scorpions
  A troll skeleton (D:9)
  5 wights (D:9)
  4 howler monkeys
  5 electric eels (D:10)
  4 crimson imps
  4 human zombies
  2 centaur zombies (Ossuary)
  5 hounds
  A gnoll shaman (D:8)
  14 jellies
  8 orc priests
  A bullfrog skeleton (D:8)
  2 human skeletons (D:9)
  2 iguanas
  11 orc wizards
  7 worker ants
  A big kobold zombie (Ossuary)
  3 hound skeletons
  7 mummies
  Robin (D:2)
  4 gnolls (D:8)
  11 adders
  A river rat (Sewer)
  3 shadow imps
  13 oozes
  2 adder zombies
  3 adder skeletons
  6 worms
  2 dart slugs
  7 leopard geckos
  47 orcs
  3 giant cockroaches
  8 goblins
  7 hobgoblins
  8 jackals
  28 kobolds
  8 quokkas
  2 ball pythons
  6 bats
  3 frilled lizards
  8 hobgoblin zombies (Ossuary)
  A jackal zombie (Ossuary)
  7 kobold zombies (Ossuary)
  2 leopard gecko skeletons (D:5)
  10 orc zombies (Ossuary)
  A quokka zombie (D:9)
  15 rats
  4 rat zombies (Ossuary)
  2 fungi (Lair:1)
441 creatures vanquished.

Vanquished Creatures (others)
  A hound (D:5)
  A ball lightning (Lair:2)
  A kobold (D:9)
  A bush (Lair:2)
  9 fungi
  A plant (Lair:2)
14 creatures vanquished.

Grand Total: 455 creatures vanquished

Notes
Turn   | Place    | Note
-------+----------+-------------------------------------------
     0 | D:1      | mopl the Deep Elf Assassin began the quest for the Orb.
     0 | D:1      | Reached XP level 1. HP: 12/12 MP: 3/3
   362 | D:1      | Reached skill level 5 in Stealth
   442 | D:1      | Reached XP level 2. HP: 16/16 MP: 4/4
   951 | D:2      | Found a radiant altar of Vehumet.
  1015 | D:2      | Reached XP level 3. HP: 18/20 MP: 5/5
  1103 | D:2      | Found an opulent altar of Gozag.
  1276 | D:2      | Noticed Robin
  1302 | D:2      | Killed Robin
  1754 | D:3      | Reached XP level 4. HP: 25/25 MP: 6/6
  1780 | D:3      | Noticed a phantom
  1905 | D:3      | Learned a level 3 spell: Confuse
  2021 | D:3      | Reached skill level 1 in Hexes
  2687 | D:4      | Noticed an ogre
  2703 | D:4      | Killed an ogre
  2703 | D:4      | Reached XP level 5. HP: 23/29 MP: 7/7
  2833 | D:4      | Noticed an ogre
  2885 | D:4      | Killed an ogre
  2885 | D:4      | Reached XP level 6. HP: 13/34 MP: 8/8
  3135 | D:4      | Got a crude cloak
  3146 | D:4      | Identified the +1 cloak of the Realm of Zot {rElec rF++
                  | Dex-3} (You found it on level 4 of the Dungeon)
  3300 | D:4      | Found a sparkling altar of Nemelex Xobeh.
  3505 | D:5      | Entered Level 5 of the Dungeon
  3529 | D:5      | Found a sand-covered staircase.
  3609 | Ossuary  | Entered an ossuary
  4101 | Ossuary  | Reached skill level 1 in Spellcasting
  4114 | Ossuary  | Reached XP level 7. HP: 20/38 MP: 10/10
  4576 | Ossuary  | Reached skill level 5 in Short Blades
  4977 | D:5      | Reached skill level 5 in Hexes
  5346 | D:5      | Reached XP level 8. HP: 43/43 MP: 12/14
  5416 | D:5      | Found a hazy altar of Hepliaklqana.
  5813 | D:3      | Found a sacrificial altar of Ru.
  5959 | D:6      | Noticed Menkaure
  5967 | D:6      | Killed Menkaure
  6053 | D:6      | Noticed Sigmund
  6100 | D:6      | Found a glowing drain.
  6139 | Sewer    | Entered a sewer
  6652 | D:6      | Noticed Eustachio
  6674 | D:6      | Killed Eustachio
  6753 | D:6      | Reached skill level 5 in Throwing
  6759 | D:6      | Learned a level 4 spell: Petrify
  6876 | D:6      | Reached XP level 9. HP: 31/47 MP: 11/15
  7168 | D:6      | Killed Sigmund
  7168 | D:6      | Reached skill level 1 in Transmutations
  7168 | D:6      | Reached skill level 1 in Earth Magic
  7769 | D:7      | Got a pair of scorched boots
  7802 | D:6      | Identified the +0 pair of boots of Geacu {+Inv rN+++ MP+9
                  | Dex-4} (You found it on level 7 of the Dungeon)
  7878 | D:4      | Became a worshipper of Nemelex Xobeh the Trickster
  7980 | D:7      | Found a staircase to the Ecumenical Temple.
  7989 | D:7      | Found a bloodstained altar of Trog.
  8025 | D:7      | Received a gift from Nemelex Xobeh
  8289 | D:7      | Reached skill level 1 in Evocations
  8538 | D:7      | Reached skill level 1 in Invocations
  8760 | D:6      | HP: 1/47 [hog (12)]
  9281 | D:8      | Reached * piety under Nemelex Xobeh
  9301 | D:8      | Received a gift from Nemelex Xobeh
  9562 | D:8      | Reached XP level 10. HP: 49/52 MP: 18/18
  9771 | D:8      | Identified the +1 leather armour of Polish {*Drain +Inv
                  | rF++ Stlth+}
 10023 | D:3      | Learned a level 2 spell: Blink
 10027 | D:3      | Learned a level 3 spell: Regeneration
 10033 | D:3      | Learned a level 5 spell: Yara's Violent Unravelling
 10537 | D:8      | Received a gift from Nemelex Xobeh
 10559 | D:8      | Found an iron altar of Okawaru.
 11025 | D:9      | Found a staircase to the Lair.
 11026 | D:9      | Noticed Erolcha
 11031 | D:9      | Killed Erolcha
 11031 | D:9      | Reached skill level 5 in Spellcasting
 11155 | D:9      | Reached ** piety under Nemelex Xobeh
 11167 | D:9      | Found Wacesy's Food Emporium.
 11175 | D:9      | Noticed Psyche
 11194 | D:9      | Killed Psyche
 11363 | D:9      | Reached skill level 10 in Hexes
 11628 | D:9      | Reached skill level 5 in Evocations
 11657 | D:9      | Received a gift from Nemelex Xobeh
 11658 | D:9      | Found Afusm's Weapon Shop.
 11951 | D:9      | Found a staircase to the Orcish Mines.
 11953 | D:9      | Found Esugig's Armour Shop.
 11987 | D:9      | Bought 5 curare-tipped darts for 39 gold pieces
 12327 | D:9      | Reached XP level 11. HP: 56/56 MP: 20/20
 12765 | D:9      | Found a basalt altar of Yredelemnul.
 13010 | D:9      | Noticed Prince Ribbit
 13022 | D:9      | Killed Prince Ribbit
 13073 | D:10     | Entered Level 10 of the Dungeon
 13094 | D:10     | Noticed a two-headed ogre
 13103 | D:10     | Killed a two-headed ogre
 13308 | D:10     | Noticed Urug
 14061 | D:10     | Killed Urug
 14516 | Lair:1   | Entered Level 1 of the Lair of Beasts
 14868 | Lair:1   | Reached skill level 5 in Earth Magic
 14910 | Lair:1   | Received a gift from Nemelex Xobeh
 14911 | Lair:1   | Reached skill level 5 in Transmutations
 15001 | Lair:1   | Reached skill level 10 in Stealth
 15008 | Lair:1   | Reached skill level 1 in Charms
 15016 | Lair:1   | Reached skill level 1 in Necromancy
 15166 | Lair:1   | Reached skill level 1 in Translocations
 15209 | Lair:1   | Reached *** piety under Nemelex Xobeh
 15474 | Lair:2   | Noticed a death yak
 15480 | Lair:2   | Noticed a death yak
 15480 | Lair:2   | Noticed a death yak
 15480 | Lair:2   | Noticed a death yak
 15484 | Lair:2   | Killed a death yak
 15485 | Lair:2   | Noticed a death yak
 15485 | Lair:2   | Noticed a death yak
 15491 | Lair:2   | Killed a death yak
 15491 | Lair:2   | Reached skill level 5 in Invocations
 15513 | Lair:2   | Killed a death yak
 15513 | Lair:2   | Reached XP level 12. HP: 53/61 MP: 21/21
 15723 | Lair:2   | Reached skill level 10 in Short Blades
 17477 | Lair:2   | Slain by a spiny frog

Levels and vault maps discovered:
D:1:      dpeg_arrival_stonehenge_8_columns, layout_basic
D:2:      layout_loops_ring, lemuel_crystal_altar, vehumet_crystals, uniq_robin
D:3:      layout_basic, nicolae_ru_path_of_blood, due_unseen_surprise
D:4:      layout_basic, first_ration, nemelex_lonely_heart_becter
D:5:      layout_loops_ring, kennysheep_mini_moat, gup_ossuary_entry_pyramid
D:6:      layout_loops_ring, cheibrodos_sewer_entry_bend, uniq_sigmund,
          uniq_eustachio, uniq_menkaure
D:7:      layout_cave_pools, bloody_trog, minmay_temple_entry_hall,
          grunt_livestock, lightli_corner_chamber
D:8:      layout_layer_cave, old_standard_altar
D:9:      layout_stronghold, lemuel_mausoleum_altar_yredelemnul,
          dpeg_oklobed_lair, orc_david_3, serial_shops, shop,
          chequers_mini_garden, uniq_prince_ribbit1, uniq_erolcha, uniq_psyche
D:10:     layout_basic, chequers_big_river, kennysheep_path_1, kennysheep_boxes,
          uniq_urug
Lair:1:   layout_roguey, lemuel_old_faithful
Lair:2:   lemuel_slime, layout_chaotic_city, minmay_swamp_entry_worms,
          beast_lair_carwin_4, grunt_megastairs_1

Skill      XL: |  1  2  3  4  5  6  7  8  9 10 11 12 |
---------------+-------------------------------------+-----
Stealth        | 5 6 7 8 9 10 | 10.8
Short Blades   | 3 4 5 7 8 9 10 | 10.6
Hexes          | 2 3 4 5 7 9 10 | 10.0
Throwing       | 3 4 5 6 7 |  7.7
Spellcasting   | 1 2 3 4 5 |  5.0
Transmutations | 2 4 5 6 |  6.3
Earth Magic    | 2 4 5 6 |  6.3
Evocations     | 3 5 7 8 |  8.6
Invocations    | 2 3 5 6 |  6.0
Charms         | 2 3 |  3.1
Necromancy     | 1 3 |  3.0
Translocations | 1 3 |  3.0
Fighting       | |  1.5
Dodging        | |  1.2

Action                   |  1- 3 |  4- 6 |  7- 9 | 10-12 || total
-------------------------+-------+-------+-------+-------++-------
Melee: Dagger            |     9 |       |       |    49 ||    58
       Short sword       |    74 |   213 |   566 |   780 ||  1633
Throw: Dart              |    17 |    28 |    80 |   163 ||   288
       Boomerang         |       |       |       |     2 ||     2
 Cast: Confuse           |       |     5 |    43 |   149 ||   197
       Petrify           |       |       |       |     1 ||     1
       Regeneration      |       |       |       |    43 ||    43
       Blink             |       |       |       |     1 ||     1
 Abil: Evoke Invisibilit |       |       |     5 |     9 ||    14
       Draw Destruction  |       |       |       |     9 ||     9
Evoke: Wand              |       |       |    21 |     9 ||    30
  Use: Scroll            |       |       |    10 |     4 ||    14
       Potion            |       |       |     1 |     1 ||     2
 Stab: Sleeping          |    11 |     4 |    26 |    28 ||    69
       Confused          |       |     2 |    19 |    86 ||   107
       Distracted        |       |     1 |       |       ||     1
       Invisible         |       |       |     9 |    21 ||    30
       Paralysed         |       |       |       |     1 ||     1
  Eat: Chunk             |     3 |     3 |    22 |    39 ||    67
       Ration            |       |     2 |       |     1 ||     3
Armor: Robe              |    17 |    57 |   142 |   188 ||   404
Dodge: Dodged            |    52 |   107 |   273 |   286 ||   718
